 Dungeon Crawl Stone Soup version 0.31-a0-1098-g6898e6545c (webtiles) character file.

Game seed: 7512105156755442233

2978 Dirtsage the Mimic (level 9, -6/51 (63) HPs)
             Began as an Octopode Shapeshifter on Dec 1, 2023.
             Mangled by Jeremiah
             ... wielding a +4 trident of draining
              (7 damage)
             ... on level 7 of the Dungeon.
             The game lasted 00:11:20 (6087 turns).

Dirtsage the Mimic (Octopode Shapeshifter)          Turns: 6087, Time: 00:11:20

HP:   -6/51 (63)    AC:  1    Str: 14    XL:     9   Next: 82%
MP:   18/18         EV: 13    Int: 12    God:
Gold: 322           SH:  0    Dex: 15    Spells: 8/8 levels left

rFire   x .          .
                       - Unarmed
rCold   + . .        (no shield)
rNeg    . . .        (helmet currently unavailable)
rPois   .            v - amulet of regeneration
rElec   .            o - ring of magical power
rCorr   .            B - ring of ice
SInv    .            (no ring)
Will    .....        (no ring)
Stlth   +            (no ring)
HPRegen 1.08/turn    (no ring)
MPRegen 0.16/turn    (no ring)
                     (no ring)

%: no passive effects
@: beast-form, silenced, weak-willed, heavily drained
A: beast (slay +4), almost no armour, amphibious, 8 rings, camouflage 1,
gelatinous body 1, (nimble swimmer 1), tentacles
a: Begin Untransformation


You were on level 7 of the Dungeon.
You were a hulking beast.
You visited 2 branches of the dungeon, and saw 9 of its levels.

You collected 322 gold pieces.

Inventory:

Magical Staves
 j - a staff of earth
 w - a staff of conjuration
Jewellery
 o - a ring of magical power (left tentacle)
 v - an amulet of regeneration (around mantle)
 B - a ring of ice (right tentacle)
Talismans
 b - a beast talisman
 c - a flux talisman
Wands
 A - a wand of quicksilver (5)
Scrolls
 e - a scroll of amnesia
 h - a scroll of vulnerability
 i - 6 scrolls of identify
 k - a scroll of enchant armour {unknown}
 q - a scroll of revelation
 t - 2 scrolls of teleportation
 y - a scroll of noise {unknown}
Potions
 a - 4 potions of lignification
 d - a potion of might {unknown}
 f - a potion of haste {unknown}
 g - a potion of magic {unknown}
 l - 3 potions of attraction {unknown}
 n - 3 potions of curing {unknown}
 r - a potion of cancellation {unknown}
 s - a potion of heal wounds {unknown}
 u - a potion of berserk rage {unknown}
 z - a potion of brilliance {unknown}


   Skills:
 + Level 6.6 Fighting
 - Level 2.0 Dodging
 + Level 7.3 Unarmed Combat
 * Level 9.2 Shapeshifting


You had 8 spell levels left.
You didn't know any spells.
Your spell library contained the following spells:

 Spells                   Type           Power      Damage    Failure   Level
 Necrotise                Necr           0%         1d4       32%         1
 Slow                     Hex            0%         N/A       32%         1
 Sublimation of Blood     Necr           0%         N/A       45%         2
 Confusing Touch          Hex            0%         N/A       69%         3
 Sigil of Binding         Hex            0%         N/A       69%         3
 Vampiric Draining        Necr           0%         2d6       69%         3
 Petrify                  Tmut/Erth      0%         N/A       97%         4
 Agony                    Necr           0%         N/A       100%        5
 Irradiate                Conj/Tmut      0%         3d11      100%        5


Dungeon Overview and Level Annotations

Branches:
Dungeon (8/15)             Temple (1/1) D:7
   Lair: D:8-11

Altars:
Cheibriados
Dithmenos
Fedhas
Hepliaklqana
Kikubaaqudgha
Makhleb
Nemelex Xobeh
Okawaru
Ru
Sif Muna
Trog
Uskayaw
Vehumet
Wu Jian
Xom
Yredelemnul
Zin
The Shining One

Shops:
D:1 :

Annotations:
D:7 Jeremiah


Innate Abilities, Weirdness & Mutations

You are a hulking beast.
Your limbs bulge with bestial killing power. (Slay +4)
You cannot wear most types of armour.
You are amphibious.
You can wear up to eight rings at the same time.
Your skin changes colour to match your surroundings (Stealth+).
Your rubbery body absorbs attacks. (AC +1, EV +1)
((You are camouflaged when in or above water. (Stealth+)))
You have tentacles for arms and can constrict up to eight enemies at once.


Message History

The butterfly disappears in a burst of colours! x2
Jeremiah hits you from afar with a +4 trident of draining.
You feel drained.
You take 7 damage, and have 56/62 hp.
You miss the butterfly. You grab the butterfly. You constrict the butterfly.
You kill the butterfly!
The butterfly disappears in a burst of colours!
Jeremiah hits you from afar with a +4 trident of draining.
You feel drained.
You take 5 damage, and have 51/60 hp.
You miss the butterfly. Your grab misses the butterfly.
Your squeeze misses the butterfly.
The butterfly disappears in a burst of colours! x2
Jeremiah hits you from afar with a +4 trident of draining!
You feel drained.
You take 11 damage, and have 40/58 hp.
You closely miss the butterfly. Your grab misses the butterfly.
Your tentacle-slap misses the butterfly.
Your squeeze misses the butterfly.
The butterfly disappears in a burst of colours!
Jeremiah hits you with a +4 trident of draining!
You feel drained.
You take 12 damage, and have 28/56 hp.
MASSIVE DAMAGE!!
You bludgeon Jeremiah! Your grab misses Jeremiah. You squeeze Jeremiah!
Jeremiah is moderately wounded.
The butterfly disappears in a burst of colours! x3
Jeremiah hits you with a +4 trident of draining!
You feel drained.
* * * LOW HITPOINT WARNING * * *
You take 12 damage, and have 16/54 hp.
MASSIVE DAMAGE!!
Magic scrolls do not work when you're silenced!
Unknown command.
You bludgeon Jeremiah! You grab Jeremiah. You tentacle-slap Jeremiah!
Jeremiah is severely wounded.
You constrict Jeremiah, but do no damage.
The butterfly disappears in a burst of colours!
Jeremiah hits you with a +4 trident of draining!
* * * LOW HITPOINT WARNING * * *
You feel drained.
You die...

......#.....#.+b.b#≈≈≈.≈≈≈#......
.)...)......# bb.#≈≈≈.≈≈≈#......
##)#........# b.#≈#≈.≈#≈#......
#.#........# ..#≈≈≈.≈≈≈#......
###...#+##### ###.#≈≈≈.≈≈≈#....##
##......#######.bb#≈#≈.≈#≈#.....#
##............#bb.#≈≈≈.≈≈≈#.....#
##..........b.bFb.#b......#.....#
##............#bhb.............##
##....#.b...........b....#......#
##....#.........b........#......#
##.............bb..####..........
##...............b.# #......###.
.#............b....# #......##..
......###..........# #......##..
.#....# ####...)...#####.#.#.....
####### ####.....b....#.#.....


You could see Jeremiah (weak-willed).

Vanquished Creatures
  Grinder (D:3)
  Prince Ribbit (D:7)
  A hornet (D:8)
  Sigmund (D:5)
  Edmund (D:6)
  An orc warrior (D:8)
  An ice beast (D:7)
  A sky beast (D:7)
  5 black bears
  3 ogres
  A centaur (D:7)
  A phantom (D:5)
  A kobold brigand (D:6)
  A bullfrog (D:8)
  A scorpion (D:5)
  2 howler monkeys (D:7)
  A hound (D:3)
  A jelly (D:6)
  3 orc priests
  Natasha (D:3)
  3 iguanas
  7 orc wizards
  2 sleepcaps (D:5)
  4 gnolls
  8 adders
  A shadow imp (D:7)
  2 ufetubi (D:7)
  2 worms
  4 dart slugs
  18 orcs
  2 ball pythons
  4 bats
  6 endoplasms
  3 giant cockroaches
  6 hobgoblins
  A quokka (D:3)
  A frilled lizard (D:2)
  10 goblins
  14 kobolds
  5 rats
132 creatures vanquished.

Vanquished Creatures (others)
  An orc wizard (D:7)
1 creature vanquished.

Grand Total: 133 creatures vanquished

Notes
Turn   | Place    | Note
-------+----------+-------------------------------------------
     0 | D:1      | Dirtsage the Octopode Shapeshifter began the quest for the
                  | Orb.
     0 | D:1      | Reached XP level 1. HP: 13/13 MP: 1/1
   226 | D:1      | Reached XP level 2. HP: 13/18 MP: 2/2
   248 | D:1      | Found a faded altar of an unknown god.
   495 | D:1      | Found Niugis's Book Shop.
   884 | D:2      | Reached XP level 3. HP: 19/23 MP: 3/3
  1509 | D:3      | Reached XP level 4. HP: 29/29 MP: 4/4
  1578 | D:3      | Reached skill level 4 in Shapeshifting
  1965 | D:3      | Noticed Grinder
  1969 | D:3      | Paralysed by Grinder for 3 turns
  1974 | D:3      | Paralysed by Grinder for 5 turns
  1979 | D:3      | Killed Grinder
  1980 | D:3      | Reached skill level 5 in Shapeshifting
  1980 | D:3      | Reached XP level 5. HP: 27/36 MP: 5/5
  1980 | D:3      | Reached XP level 6. HP: 32/42 MP: 6/6
  2198 | D:3      | Noticed Natasha
  2206 | D:3      | Killed Natasha
  2633 | D:4      | Reached XP level 7. HP: 46/46 MP: 7/7
  3700 | D:5      | Entered Level 5 of the Dungeon
  3936 | D:5      | Reached skill level 5 in Unarmed Combat
  3936 | D:5      | Reached skill level 6 in Shapeshifting
  3992 | D:5      | Noticed Sigmund
  4008 | D:5      | Killed Sigmund
  4009 | D:5      | Reached XP level 8. HP: 54/54 MP: 8/8
  4516 | D:6      | Reached skill level 7 in Shapeshifting
  4551 | D:6      | Reached skill level 5 in Fighting
  4677 | D:6      | Found a sparkling altar of Nemelex Xobeh.
  4965 | D:6      | Noticed Edmund
  4976 | D:6      | Killed Edmund
  5066 | D:6      | Found an ancient bone altar of Kikubaaqudgha.
  5110 | D:6      | Reached XP level 9. HP: 61/61 MP: 9/9
  5188 | D:6      | Reached skill level 8 in Shapeshifting
  5352 | D:7      | Found a basalt altar of Yredelemnul.
  5354 | D:7      | Noticed a profane servitor
  5359 | D:7      | Found a glowing golden altar of the Shining One.
  5361 | D:7      | Noticed an angel
  5551 | D:7      | Noticed Jeremiah
  5613 | D:8      | Noticed a hornet
  5619 | D:8      | Paralysed by a hornet for 1 turns
  5621 | D:8      | Killed a hornet
  5726 | D:8      | Reached skill level 9 in Shapeshifting
  5773 | D:7      | Noticed Prince Ribbit
  5799 | D:7      | Killed Prince Ribbit
  6022 | D:7      | Found a staircase to the Ecumenical Temple.
  6026 | Temple   | Entered the Ecumenical Temple
  6087 | D:7      | HP: 1/54 [Jeremiah/+4 trident of draining (16)]
  6087 | D:7      | Mangled by Jeremiah

Illustrated notes

Levels and vault maps discovered:
D:1:      sevenhm_arrival_forest_fort_small_5, layout_basic, serial_shops, shop,
          shapermc_ecumenical_altar_gd, minmay_ruptured
D:2:      layout_rooms
D:3:      layout_loops_ring, uniq_grinder, uniq_natasha
D:4:      layout_cave_pods
D:5:      layout_loops_ring, uniq_sigmund
D:6:      layout_basic, nicolae_kikubaaqudgha_miasma_corner,
          lemuel_doored_altar, uniq_edmund
D:7:      layout_basic, grunt_temple_overflow_holy_war, temple_hall_moat,
          serial_park_tiny_1, uniq_jeremiah, uniq_prince_ribbit1
D:8:      layout_loops_ring, overflow_temple_1_default, grunt_livestock,
          uniq_maurice
Temple:   compressed_dpeg_circular_temple

Skill      XL: |  1  2  3  4  5  6  7  8  9 |
---------------+----------------------------+-----
Fighting       | 2 3 4 5 6 |  6.6
Shapeshifting  | 5 6 7 9 |  9.2
Unarmed Combat | 4 5 6 7 |  7.3
Dodging        | |  2.0

Action                     |  1- 3 |  4- 6 |  7- 9 || total
---------------------------+-------+-------+-------++-------
  Melee: Unarmed           |    72 |    68 |   213 ||   353
         Constrict         |    13 |    17 |    47 ||    77
         Tentacles         |    13 |    12 |    52 ||    77
         Punch             |       |     4 |    15 ||    19
  Evoke: Wand              |       |       |     1 ||     1
    Use: Potion            |       |     1 |     1 ||     2
         Scroll            |       |       |     7 ||     7
   Stab: Sleeping          |     5 |       |     4 ||     9
 Armour: Skin              |    27 |    53 |   121 ||   201
  Dodge: Dodged            |    35 |    28 |    97 ||   160

Table legend: (Time is in decaauts)
 A = Elapsed time spent in this place.
 B = Non-inter-level travel time spent in this place.
 C = Inter-level travel time spent in this place.
 D = Time resting spent in this place.
 E = Time spent auto-exploring this place.
 F = Levels seen in this place.
 G = Mean time per level.
                   A        B        C        D        E       F      G
               +--------+--------+--------+--------+--------+-----+--------+
         Total |   6052 |   5850 |    202 |    365 |   4542 |   9 |  672.4 |
       Dungeon |   6050 |   5848 |    202 |    365 |   4542 |   8 |  756.2 |
        Temple |      1 |      1 |      0 |      0 |      0 |   1 |    1.0 |
               +--------+--------+--------+--------+--------+-----+--------+

Top non-repeatable levels by time:
     D:3: 1268 daAuts
     D:4: 941 daAuts
     D:1: 832 daAuts
     D:6: 827 daAuts
     D:5: 755 daAuts
     D:2: 645 daAuts
     D:7: 568 daAuts
     D:8: 211 daAuts
  Temple: 1 daAuts
